HSSL
BILLINGS WEST HS GOLDEN BEARS @ OVERLAND PARK HS TRIPLETS
04/05/2027
 
TOP OF THE 1ST
Billings West HS Golden Bears batting - Pitching for Overland Park HS Triplets : RHP Joe Martin
Pitching: RHP Joe Martin
Batting: RHB Jason Cook 0-0: Bunt for hit - play at first, batter OUT! 1-3
Batting: SHB Juan Soriano 0-0: Ball
1-0: Ball
2-0: Ball
3-0: Base on Balls
Batting: LHB Jean Beauchemin 0-0: SINGLE (Line Drive, 78M)
Juan Soriano to second
Batting: RHB Michael Scott 0-0: Called Strike
0-1: Fly out, F7 (Flyball, 78S)
Batting: RHB Rod Zamora 0-0: Ball
1-0: Ball
2-0: Fly out, F6 (Line Drive, 6)
Top of the 1st over - 0 run(s), 1 hit(s), 0 error(s), 2 left on base; Billings West HS 0 - Overland Park HS 0
BOTTOM OF THE 1ST
Overland Park HS Triplets batting - Pitching for Billings West HS Golden Bears : RHP Tim Hunter
Pitching: RHP Tim Hunter
Batting: LHB Esteban Pérez 0-0: Ball
1-0: Swinging Strike
1-1: Fly out, F9 (Flyball, 9S)
Batting: RHB Simon Plante 0-0: Ball
1-0: SINGLE (Groundball, 4MD)
Batting: LHB Jack Davis 0-0: Swinging Strike
0-1: Foul Ball, location: 2F
0-2: Strikes out swinging
Batting: LHB José Mendoza 0-0: Called Strike
0-1: Ball
1-1: Ball
2-1: Foul Ball, location: 2F
2-2: Strikes out swinging
Bottom of the 1st over - 0 run(s), 1 hit(s), 0 error(s), 1 left on base; Billings West HS 0 - Overland Park HS 0
TOP OF THE 2ND
Billings West HS Golden Bears batting - Pitching for Overland Park HS Triplets : RHP Joe Martin
Batting: LHB Millard Mays 0-0: Called Strike
0-1: SINGLE (Groundball, 5D)
Batting: RHB Roberto Hernández 0-0: Ball
1-0: Called Strike
1-1: Ground out 5-3 (Groundball, 56S)
Millard Mays to second
Batting: RHB Ethan Ramos 0-0: Reached on error, E6 (Groundball, 6S)
Millard Mays to third
Batting: RHB Eric Dodd 0-0: Called Strike
Throwing error on steal attempt, E2
Millard Mays scores
Ethan Ramos to third
0-1: Called Strike
0-2: Foul Ball, location: 2F
0-2: Fly out, F9 (Flyball, 9)
Runner from 3rd tags up, SCORES, no throw
Batting: RHB Jason Cook 0-0: Ball
1-0: Ball
2-0: Ball
3-0: Base on Balls
Batting: SHB Juan Soriano Pickoff Throw to First - Out!
Top of the 2nd over - 2 run(s), 1 hit(s), 2 error(s), 0 left on base; Billings West HS 2 - Overland Park HS 0
BOTTOM OF THE 2ND
Overland Park HS Triplets batting - Pitching for Billings West HS Golden Bears : RHP Tim Hunter
Batting: RHB Nicolas Fillion 0-0: Called Strike
0-1: Ball
1-1: Ball
2-1: Called Strike
2-2: SINGLE (Groundball, 6) (infield hit)
Batting: RHB Joe Lewis 0-0: Ball
1-0: Grounds into double play, 4-6-3 (Groundball, 4)
Batting: RHB Felipe Berrios 0-0: Swinging Strike
0-1: Ball
1-1: Ball
2-1: Foul Ball, location: 2F
2-2: Strikes out swinging
Bottom of the 2nd over - 0 run(s), 1 hit(s), 0 error(s), 0 left on base; Billings West HS 2 - Overland Park HS 0
TOP OF THE 3RD
Billings West HS Golden Bears batting - Pitching for Overland Park HS Triplets : RHP Joe Martin
Batting: SHB Juan Soriano 0-0: Foul Ball, location: 2F
0-1: Fly out, F5 (Line Drive, 6)
Batting: LHB Jean Beauchemin 0-0: Ball
1-0: Foul Ball, location: 2F
1-1: Called Strike
1-2: SOLO HOME RUN (Flyball, 9D), Distance : 363 ft
Batting: RHB Michael Scott 0-0: Ball
1-0: Ball
2-0: Called Strike
2-1: Ball
3-1: Fly out, F9 (Flyball, 89S)
Batting: RHB Rod Zamora 0-0: Foul Ball, location: 2F
0-1: Foul Ball, location: 2F
0-2: Foul Ball, location: 2F
0-2: Ball
1-2: Ball
2-2: Ball
3-2: Foul Ball, location: 2F
3-2: Foul Ball, location: 2F
3-2: Foul Ball, location: 2F
3-2: Foul Ball, location: 2F
3-2: SINGLE (Groundball, 56D)
Batting: LHB Millard Mays 0-0: Ball
1-0: Fly out, F8 (Flyball, 8LM)
Top of the 3rd over - 1 run(s), 2 hit(s), 0 error(s), 1 left on base; Billings West HS 3 - Overland Park HS 0
BOTTOM OF THE 3RD
Overland Park HS Triplets batting - Pitching for Billings West HS Golden Bears : RHP Tim Hunter
Batting: SHB John Kessler 0-0: Ball
1-0: Ball
2-0: Foul Ball, location: 2F
2-1: Called Strike
2-2: Strikes out looking
Batting: RHB Manuel Espinosa 0-0: Called Strike
0-1: Ball
1-1: Ground out 1-3 (Groundball, P)
Batting: LHB Esteban Pérez 0-0: Ball
1-0: Foul Ball, location: 2F
1-1: Ball
2-1: Foul Ball, location: 2F
2-2: Ball
3-2: Ground out 4-3 (Groundball, 4)
Bottom of the 3rd over - 0 run(s), 0 hit(s), 0 error(s), 0 left on base; Billings West HS 3 - Overland Park HS 0
TOP OF THE 4TH
Billings West HS Golden Bears batting - Pitching for Overland Park HS Triplets : RHP Joe Martin
Batting: RHB Roberto Hernández 0-0: Ball
1-0: Swinging Strike
1-1: Ball
2-1: Ball
3-1: Called Strike
3-2: Strikes out looking
Batting: RHB Ethan Ramos 0-0: Called Strike
0-1: Foul Ball, location: 2F
0-2: Strikes out swinging
Batting: RHB Eric Dodd 0-0: Ball
1-0: Foul Ball, location: 2F
1-1: Ball
2-1: Ball
3-1: Foul Ball, location: 2F
3-2: Foul Ball, location: 2F
3-2: Foul Ball, location: 2F
3-2: Foul Ball, location: 2F
3-2: Base on Balls
Batting: RHB Jason Cook 0-0: Foul Ball, location: 2F
0-1: Foul Ball, location: 2F
0-2: Foul Ball, location: 2F
0-2: Ground out 6-3 (Groundball, 6)
Top of the 4th over - 0 run(s), 0 hit(s), 0 error(s), 1 left on base; Billings West HS 3 - Overland Park HS 0
BOTTOM OF THE 4TH
Overland Park HS Triplets batting - Pitching for Billings West HS Golden Bears : RHP Tim Hunter
Batting: RHB Simon Plante 0-0: Called Strike
0-1: Ball
1-1: Fly out, F2 (Popup, 23)
Batting: LHB Jack Davis 0-0: Called Strike
0-1: Swinging Strike
0-2: Ball
1-2: Strikes out swinging
Batting: LHB José Mendoza 0-0: Called Strike
0-1: Foul Ball, location: 2F
0-2: Ball
1-2: Foul Ball, location: 2F
1-2: Ball
2-2: Ball
3-2: Fly out, F7 (Line Drive, 7)
Bottom of the 4th over - 0 run(s), 0 hit(s), 0 error(s), 0 left on base; Billings West HS 3 - Overland Park HS 0
TOP OF THE 5TH
Billings West HS Golden Bears batting - Pitching for Overland Park HS Triplets : RHP Joe Martin
Batting: SHB Juan Soriano 0-0: Called Strike
0-1: Ball
1-1: Ball
2-1: Foul Ball, location: 2F
2-2: Strikes out swinging
Batting: LHB Jean Beauchemin 0-0: Ball
1-0: Swinging Strike
1-1: Ball
2-1: Swinging Strike
2-2: Ball
3-2: Base on Balls
Pitching: RHP Jim Grant
Batting: RHB Michael Scott 0-0: Ball
1-0: Ball
2-0: Ball
3-0: Base on Balls
Jean Beauchemin to second
Batting: RHB Rod Zamora 0-0: Ball
1-0: Ball
2-0: Foul Ball, location: 2F
2-1: Ball
3-1: Base on Balls
Jean Beauchemin to third
Michael Scott to second
Batting: LHB Millard Mays 0-0: Ball
1-0: Foul Ball, location: 2F
1-1: Swinging Strike
1-2: Strikes out looking
Batting: RHB Roberto Hernández 0-0: Called Strike
0-1: Called Strike
0-2: Ball
1-2: Strikes out looking
Top of the 5th over - 0 run(s), 0 hit(s), 0 error(s), 3 left on base; Billings West HS 3 - Overland Park HS 0
BOTTOM OF THE 5TH
Overland Park HS Triplets batting - Pitching for Billings West HS Golden Bears : RHP Tim Hunter
Batting: RHB Nicolas Fillion 0-0: Ball
1-0: Called Strike
1-1: DOUBLE (Line Drive, 78D)
Batting: RHB Joe Lewis 0-0: Ball
1-0: Ball
2-0: Foul Ball, location: 2F
2-1: Swinging Strike
2-2: Foul Ball, location: 2F
2-2: Ball
3-2: Base on Balls
Batting: RHB Felipe Berrios 0-0: Ball
1-0: Fly out, F7 (Flyball, 78M)
Batting: SHB John Kessler 0-0: SINGLE (Groundball, 34S) (infield hit)
Nicolas Fillion to third
Joe Lewis to second
Batting: RHB Manuel Espinosa 0-0: Ball
1-0: Foul Ball, location: 2F
1-1: Ball
2-1: Ball
3-1: Base on Balls
Nicolas Fillion scores
Joe Lewis to third
John Kessler to second
Batting: LHB Esteban Pérez 0-0: Called Strike
0-1: Ball
1-1: Called Strike
1-2: Ball
2-2: Ball
3-2: Base on Balls
Joe Lewis scores
John Kessler to third
Manuel Espinosa to second
Batting: RHB Simon Plante 0-0: Ball
1-0: Grounds into fielders choice 5-2 (Groundball, 56S)
Manuel Espinosa to third
Esteban Pérez to second
Batting: LHB Jack Davis 0-0: Fly out, F8 (Flyball, 8LM)
Bottom of the 5th over - 2 run(s), 2 hit(s), 0 error(s), 3 left on base; Billings West HS 3 - Overland Park HS 2
TOP OF THE 6TH
Billings West HS Golden Bears batting - Pitching for Overland Park HS Triplets : RHP Jim Grant
Batting: RHB Ethan Ramos 0-0: Fly out, F9 (Flyball, 9)
Batting: RHB Eric Dodd 0-0: Ball
1-0: Ground out 5-3 (Groundball, 56S)
Batting: RHB Jason Cook 0-0: Foul Ball, location: 2F
0-1: Foul Ball, location: 2F
0-2: SINGLE (Flyball, 9LM)
Batting: SHB Juan Soriano 0-0: Ball
1-0: Ball
2-0: Ball
3-0: Called Strike
3-1: Foul Ball, location: 2F
3-2: Foul Ball, location: 2F
3-2: Ground out 3-1 (Groundball, 3)
Top of the 6th over - 0 run(s), 1 hit(s), 0 error(s), 1 left on base; Billings West HS 3 - Overland Park HS 2
BOTTOM OF THE 6TH
Overland Park HS Triplets batting - Pitching for Billings West HS Golden Bears : RHP Tim Hunter
Pitching: RHP Ellis Coleman
Batting: LHB José Mendoza 0-0: Foul Ball, location: 2F
0-1: Foul Ball, location: 2F
0-2: Ball
1-2: Ground out 5-3 (Groundball, 56S)
Batting: RHB Nicolas Fillion 0-0: Called Strike
0-1: Ball
1-1: Called Strike
1-2: Ball
2-2: Strikes out swinging
Batting: RHB Joe Lewis 0-0: Ball
1-0: Ground out 5-3 (Groundball, 56S)
Bottom of the 6th over - 0 run(s), 0 hit(s), 0 error(s), 0 left on base; Billings West HS 3 - Overland Park HS 2
TOP OF THE 7TH
Billings West HS Golden Bears batting - Pitching for Overland Park HS Triplets : RHP Jim Grant
Pitching: LHP Carl Orr
Batting: LHB Jean Beauchemin 0-0: Ball
1-0: Fly out, F7 (Flyball, 7LM)
Pitching: RHP Louie Henderson
Batting: RHB Michael Scott 0-0: Ball
1-0: Called Strike
1-1: Swinging Strike
1-2: Strikes out swinging
Batting: RHB Rod Zamora 0-0: Swinging Strike
0-1: Ball
1-1: Foul Ball, location: 2F
1-2: Ball
2-2: Fly out, F7 (Flyball, 7LS)
Top of the 7th over - 0 run(s), 0 hit(s), 0 error(s), 0 left on base; Billings West HS 3 - Overland Park HS 2
BOTTOM OF THE 7TH
Overland Park HS Triplets batting - Pitching for Billings West HS Golden Bears : RHP Ellis Coleman
Batting: RHB Felipe Berrios 0-0: Ball
1-0: Ball
2-0: Ball
3-0: Base on Balls
Batting: SHB John Kessler 0-0: Sac Bunt - play at second, runner safe!
Batting: RHB Manuel Espinosa 0-0: Ball
1-0: Ball
2-0: Called Strike
2-1: Bunt - Flyout! F1
Batting: LHB Esteban Pérez 0-0: Ball
1-0: Foul Ball, location: 2F
1-1: Swinging Strike
1-2: Ball
2-2: Foul Ball, location: 2F
2-2: 3-RUN HOME RUN (Flyball, 8LXD), Distance : 435 ft
Pitching: LHP Monty Bint
Batting: RHB Simon Plante 0-0: Called Strike
0-1: Ball
1-1: Ball
2-1: Ball
3-1: Swinging Strike
3-2: Foul Ball, location: 2F
3-2: Base on Balls
Batting: LHB Jack Davis 0-0: Foul Ball, location: 2F
0-1: Ball
1-1: Swinging Strike
1-2: Strikes out looking
Batting: LHB José Mendoza 0-0: Ball
1-0: Called Strike
1-1: SINGLE (Line Drive, 4M)
Simon Plante to second
Pinch Hitting: RHB Jesús Arévalo 0-0: Ball
1-0: Foul Ball, location: 2F
1-1: Ball
2-1: Ball
3-1: Called Strike
3-2: Strikes out swinging
Bottom of the 7th over - 3 run(s), 2 hit(s), 0 error(s), 2 left on base; Billings West HS 3 - Overland Park HS 5
TOP OF THE 8TH
Billings West HS Golden Bears batting - Pitching for Overland Park HS Triplets : RHP Louie Henderson
Now at 3B: Matt Bascombe
Batting: LHB Millard Mays 0-0: Called Strike
0-1: Swinging Strike
0-2: Strikes out swinging
Batting: RHB Roberto Hernández 0-0: Fly out, F8 (Flyball, 8LM)
Batting: RHB Ethan Ramos 0-0: Ball
1-0: Ball
2-0: Fly out, F7 (Flyball, 7S)
Top of the 8th over - 0 run(s), 0 hit(s), 0 error(s), 0 left on base; Billings West HS 3 - Overland Park HS 5
BOTTOM OF THE 8TH
Overland Park HS Triplets batting - Pitching for Billings West HS Golden Bears : LHP Monty Bint
Batting: RHB Joe Lewis 0-0: Fly out, F4 (Popup, 34D)
Batting: RHB Felipe Berrios 0-0: Foul Ball, location: 2F
0-1: Ball
1-1: Ball
2-1: Foul Ball, location: 2F
2-2: Strikes out swinging
Batting: SHB John Kessler 0-0: Called Strike
0-1: Ball
1-1: Ball
2-1: Foul Ball, location: 2F
2-2: Ball
3-2: Fly out, F9 (Flyball, 9)
Bottom of the 8th over - 0 run(s), 0 hit(s), 0 error(s), 0 left on base; Billings West HS 3 - Overland Park HS 5
TOP OF THE 9TH
Billings West HS Golden Bears batting - Pitching for Overland Park HS Triplets : RHP Louie Henderson
Pitching: LHP Kent Jones
Now at C: Preston Church
Now at 1B: T.J. Kaufman
Batting: RHB Eric Dodd 0-0: SOLO HOME RUN (Flyball, 78XD), Distance : 404 ft
Batting: RHB Jason Cook 0-0: Called Strike
0-1: Called Strike
0-2: Ball
1-2: Ball
2-2: Strikes out swinging
Batting: SHB Juan Soriano 0-0: Ground out 4-3 (Groundball, 4M)
Batting: LHB Jean Beauchemin 0-0: Called Strike
0-1: Fly out, F8 (Flyball, 8RD)
Top of the 9th over - 1 run(s), 1 hit(s), 0 error(s), 0 left on base; Billings West HS 4 - Overland Park HS 5
Thursday, March 30th, 2017 - OOTP Baseball 17.12 Build 75